 Dungeon Crawl Stone Soup version 0.31-b1-17-gcfd88c8481 (webtiles) character file.

Game seed: 49695123101973032

4535 groovy9 the Destroyer (level 10, -3/50 HPs)
             Began as a Deep Elf Conjurer on Jan 15, 2024.
             Was a Believer of Vehumet.
             Killed from afar by a gargoyle (26 damage)
             ... with a stone arrow
             ... on level 9 of the Dungeon.
             The game lasted 00:31:13 (10160 turns).

groovy9 the Destroyer (Deep Elf Conjurer)          Turns: 10160, Time: 00:31:13

Health: -3/50      AC:  3    Str:  4    XL:     10   Next: 17%
Magic:  8/27       EV: 12    Int: 34    God:    Vehumet [**....]
Gold:   481        SH:  0    Dex: 13    Spells: 21/32 levels left

rFire   . . .        r - staff of alchemy
rCold   . . .        (no shield)
rNeg    . . .        a - +1 robe
rPois   +            (no helmet)
rElec   .            (no cloak)
rCorr   .            (no gloves)
SInv    .            (no boots)
Will    +....        (no amulet)
Stlth   ++           z - +6 ring of intelligence
HPRegen 0.28/turn    (no ring)
MPRegen 0.20/turn

%: no passive effects
@: no status effects
A: no striking features
a: Renounce Religion


You were on level 9 of the Dungeon.
You worshipped Vehumet.
Vehumet was pleased with you.
You visited 2 branches of the dungeon, and saw 10 of its levels.

You collected 481 gold pieces.

Inventory:

Missiles
 d - a throwing net
Armour
 a - a +1 robe (worn)
Magical Staves
 r - a staff of alchemy (weapon)
Jewellery
 z - a +6 ring of intelligence (left hand)
Wands
 c - a wand of mindburst (15)
 h - a wand of flame (31)
 k - a wand of polymorph (3)
 o - a wand of paralysis (21)
 y - a wand of light (6)
Scrolls
 f - 2 scrolls of teleportation
 g - a scroll of vulnerability
 q - a scroll of enchant armour
 u - a scroll of blinking {unknown}
 v - a scroll of enchant weapon
 w - 2 scrolls of poison {unknown}
 x - a scroll of revelation {unknown}
 A - a scroll of immolation {unknown}
Potions
 b - a potion of mutation
 e - 4 potions of heal wounds
 i - a potion of ambrosia {unknown}
 j - a potion of might
 l - a potion of curing {unknown}
 m - 3 potions of attraction
 n - a potion of berserk rage {unknown}
 p - 2 potions of cancellation
 s - a potion of haste {unknown}
 t - a potion of experience {unknown}


   Skills:
 - Level 2.4 Dodging
 - Level 2.4 Stealth
 + Level 11.7 Spellcasting
 * Level 13.8 Conjurations


You had 21 spell levels left.
You knew the following spells:

 Your Spells              Type           Power      Damage    Failure   Level
a - Magic Dart            Conj           100%       1d8       0%          1
b - Searing Ray           Conj           100%       2d8       0%          2
c - Fulminant Prism       Conj/Alch      39%        3d17      1%          4
d - Iskenderun's Mystic   Conj/Tloc      61%        2d13      1%          4

Your spell library contained the following spells:

 Spells                   Type           Power      Damage    Failure   Level
 Freeze                   Ice            76%        1d8       2%          1
 Arcjolt                  Conj/Air       30%        1d40      3%          5
 Vhi's Electric Charge    Tloc/Air       38%        N/A       22%         4
 Maxwell's Capacitive Co  Air            9%         ∞         100%        8


Dungeon Overview and Level Annotations

Branches:
Dungeon (9/15)             Temple (1/1) D:6
   Lair: D:8-11         Orc: D:9-12

Altars:
Ashenzari
Cheibriados
Dithmenos
Elyvilon
Fedhas
Gozag
Hepliaklqana
Kikubaaqudgha
Makhleb
Nemelex Xobeh
Okawaru
Qazlal
Ru
Sif Muna
Trog
Uskayaw
Vehumet
Wu Jian
Xom
Yredelemnul
Zin
The Shining One

Shops:
D:2 =   D:4 *

Annotations:
D:7 2 transporters, VoidStrider's ghost, novice OnAE


Message History

(Press . to maintain the ray.)
A gargoyle comes into view. It is wielding a +0 flail.
The searing ray hits the wolf.
You kill the wolf!
Vehumet accepts your kill. Vehumet offers you knowledge of Freeze.
A howler monkey comes into view.
Casting: Searing Ray (safe; 0% risk of failure)
Confirm with . or Enter, or press ? or * to list all spells.
Restarting spell: Searing Ray (safe; 0% risk of failure)
Press: ? - help, Shift-Dir - straight line, f - howler monkey
Aim: a howler monkey (81% to hit)
The searing ray hits the warg but does no damage.
The warg is heavily wounded.
The searing ray hits the howler monkey!
The howler monkey is severely wounded. (Press . to maintain the ray.)
The howler monkey howls!
The warg misses you.
The searing ray hits the warg.
The warg is heavily wounded.
The searing ray hits the howler monkey!
You kill the howler monkey!
Vehumet accepts your kill. The warg barely misses you.
The searing ray hits the warg.
The warg is severely wounded.
The warg bites you! The warg bites you!!
Casting: Searing Ray (safe; 0% risk of failure)
Confirm with . or Enter, or press ? or * to list all spells.
You erupt in a blast of force!
The mystic blast hits the warg.
The warg is severely wounded.
The warg is knocked back by the mystic blast.
The warg slams into the rock wall!
You kill the warg!
Vehumet accepts your kill.
The gargoyle hurls a stone arrow at you.
The stone arrow hits you!!
Ouch! That really hurt!
You die...

~.# #<# ~~# ###)#
~## #...# #.###
###.### ## #.....#
...# #.....# #
#...#.....#######.#
#.......##...@..#
###........###†##
#.....#### )#
#.....# ). ####.##
#)9 ..# #). +###
... #...


You could see a gargoyle.

Vanquished Creatures
  Pikel (D:5)
  Sigmund (D:2)
  A steam dragon (D:8)
  3 yaks (D:9)
  A warg (D:9)
  An acid dragon (D:7)
  A water moccasin (D:7)
  2 ice beasts
  2 black bears
  3 orc warriors
  An ogre (D:4)
  A sky beast (D:8)
  2 wolves (D:9)
  A phantom (D:6)
  3 kobold brigands
  3 bullfrogs
  Blork the orc (D:5)
  A scorpion (D:4)
  2 electric eels (D:7)
  2 jellies
  A howler monkey (D:9)
  2 bombardier beetles
  4 hounds
  8 orc priests
  A gnoll bouda (D:6)
  4 iguanas
  Ijyb (D:3)
  2 sleepcaps
  Natasha (twice) (D:2)
  12 orc wizards
  9 gnolls
  11 adders
  A shadow imp (D:5)
  A white imp (D:6)
  2 dart slugs
  A ribbon worm (D:3)
  48 orcs
  9 endoplasms
  2 giant cockroaches
  10 goblins
  11 hobgoblins
  3 jackals (D:1)
  2 quokkas
  7 ball pythons
  7 bats
  2 frilled lizards
  19 kobolds
  6 rats
  A butterfly (D:6)
222 creatures vanquished.

Vanquished Creatures (others)
  An orc (D:8)
  13 fulminant prisms
14 creatures vanquished.

Grand Total: 236 creatures vanquished

Notes
Turn   | Place    | Note
-------+----------+-------------------------------------------
     0 | D:1      | groovy9 the Deep Elf Conjurer began the quest for the Orb.
     0 | D:1      | Reached XP level 1. HP: 10/10 MP: 6/6
   178 | D:1      | Reached XP level 2. HP: 15/15 MP: 4/8
   181 | D:1      | Learned a level 2 spell: Searing Ray
   568 | D:1      | Reached skill level 5 in Conjurations
   785 | D:1      | Reached XP level 3. HP: 19/19 MP: 0/10
  1576 | D:2      | Noticed Sigmund
  1596 | D:2      | Killed Sigmund
  1597 | D:2      | Reached skill level 5 in Spellcasting
  1597 | D:2      | Reached skill level 6 in Conjurations
  1597 | D:2      | Reached XP level 4. HP: 12/24 MP: 4/13
  1597 | D:2      | Reached XP level 5. HP: 14/28 MP: 4/14
  1689 | D:2      | Noticed Natasha
  1703 | D:2      | Killed Natasha
  1706 | D:2      | Noticed Natasha
  1715 | D:2      | Killed Natasha
  1716 | D:2      | Reached skill level 7 in Conjurations
  1716 | D:2      | Reached XP level 6. HP: 22/32 MP: 0/16
  2330 | D:2      | Found Faanos's Jewellery Emporium.
  2494 | D:3      | Noticed Ijyb
  2504 | D:3      | Paralysed by Ijyb for 4 turns
  2509 | D:3      | Killed Ijyb
  3211 | D:4      | Found a shadowy altar of Dithmenos.
  3294 | D:4      | Identified the +2 dagger of the Ninety-Nine Mice {flame,
                  | Fly Int+3 Dex-3}
  3793 | D:4      | Reached skill level 8 in Conjurations
  3793 | D:4      | Reached XP level 7. HP: 36/36 MP: 3/18
  4013 | D:4      | Found Conax's Elemental Accessories.
  4527 | D:5      | Entered Level 5 of the Dungeon
  4840 | D:5      | Found a blossoming altar of Fedhas.
  4844 | D:5      | Noticed Pikel
  4844 | D:5      | Paralysed by Pikel for 4 turns
  4850 | D:5      | Paralysed by Pikel for 4 turns
  4870 | D:5      | Paralysed by Pikel for 5 turns
  4875 | D:5      | Killed Pikel
  4876 | D:5      | Reached skill level 10 in Conjurations
  4876 | D:5      | Reached XP level 8. HP: 20/41 MP: 11/22
  5375 | D:5      | Learned a level 4 spell: Fulminant Prism
  5380 | D:5      | Learned a level 4 spell: Iskenderun's Mystic Blast
  5974 | D:5      | Noticed Blork the orc
  5982 | D:5      | Killed Blork the orc
  6300 | D:6      | Reached skill level 11 in Conjurations
  6397 | D:6      | Found a staircase to the Ecumenical Temple.
  6407 | Temple   | Entered the Ecumenical Temple
  6426 | Temple   | Became a worshipper of Vehumet
  6462 | D:6      | Reached XP level 9. HP: 38/45 MP: 19/24
  7204 | D:7      | Reached skill level 10 in Spellcasting
  7396 | D:7      | Reached skill level 12 in Conjurations
  7748 | D:7      | Identified the +0 plate armour "Xiusseqa" {+Blink rN+
                  | Int+3}
  7905 | D:7      | Reached * piety under Vehumet
  7905 | D:7      | Offered knowledge of Sting by Vehumet.
  8121 | D:7      | Found a transporter.
  8123 | D:7      | Noticed VoidStrider's ghost (novice OnAE)
  8123 | D:7      | Identified the +12 dire flail of the Eel {flame, ^Drain
                  | rCorr Int+3 Dex+2}
  8123 | D:7      | Noticed a two-headed ogre
  8124 | D:7      | Found a transporter.
  9153 | D:8      | Reached skill level 13 in Conjurations
  9877 | D:9      | Reached XP level 10. HP: 50/50 MP: 19/27
 10152 | D:9      | Reached ** piety under Vehumet
 10155 | D:9      | Noticed a gargoyle
 10156 | D:9      | Offered knowledge of Freeze by Vehumet.
 10160 | D:9      | Killed from afar by a gargoyle

Illustrated notes

Levels and vault maps discovered:
D:1:      minmay_arrival_stone_box, layout_basic, st_stairs_9
D:2:      layout_basic, serial_shops, nicolae_shop_waterfront, uniq_natasha,
          uniq_sigmund
D:3:      layout_rooms, nicolae_twisty_statue_hallways, uniq_ijyb
D:4:      layout_layer_cave, grunt_dithmenos_smoke, nicolae_elemental_shop
D:5:      layout_basic, mainiacjoe_overflow_boulevard, uniq_pikel,
          uniq_blork_the_orc
D:6:      nicolae_cairo_tiling_large_dashed, layout_cave_pools,
          minmay_temple_entry_butterflies, grunt_ministairs_4
D:7:      layout_loops_ring, gammafunk_ghost_smash, kennysheep_boxes
D:8:      layout_basic, nicolae_concentric_dashed_squares_wild,
          chequers_serial_rivers_small_a, minmay_strange_pillars
D:9:      layout_roguey, erik_lair_orcish_takeover, serial_rivers,
          chequers_serial_rivers_large_b, chequers_serial_rivers_room_b,
          chequers_serial_rivers_marsh, chequers_serial_rivers_small_3,
          chequers_serial_rivers_micro_a, enter_bailey_6
Temple:   nicolae_temple_slightly_damp_pantheon

Skill      XL: |  1  2  3  4  5  6  7  8  9 |
---------------+----------------------------+-----
Conjurations   | 5 6 7 8 10 11 13 | 13.8
Spellcasting   | 5 6 8 9 11 | 11.7
Dodging        | |  2.4
Stealth        | |  2.4

Action                     |  1- 3 |  4- 6 |  7- 9 | 10-12 || total
---------------------------+-------+-------+-------+-------++-------
  Melee: Staff             |       |       |     2 |       ||     2
   Cast: Magic Dart        |    40 |    54 |    82 |     3 ||   179
         Searing Ray       |    18 |    25 |    80 |     4 ||   127
         Iskenderun's Myst |       |       |    20 |     2 ||    22
         Fulminant Prism   |       |       |    11 |     2 ||    13
    Use: Scroll            |       |       |    12 |       ||    12
         Potion            |       |       |     4 |       ||     4
 Armour: Robe              |     5 |     6 |    48 |     4 ||    63
  Dodge: Dodged            |     3 |     4 |    30 |     3 ||    40
